 Dungeon Crawl Stone Soup version 0.14-a0-1765-g49ce880 (webtiles) character file.

206 Mitsuki the Ruinous (level 4, -1/24 HPs)
             Began as a Deep Elf Conjurer on Jan 5, 2014.
             Slain by an orc
             ... wielding a +0,+0 orcish club
              (6 damage)
             ... on Level 2 of the Dungeon.
             The game lasted 00:16:00 (2643 turns).

Mitsuki the Ruinous (Deep Elf Conjurer)             Turns: 2643, Time: 00:16:00

HP  -1/24        AC  2     Str  6      XL: 4   Next: 57%
MP   1/13        EV 13     Int 20      God:
Gold 99          SH  0     Dex 15      Spells:  2 memorised,  4 levels left

rFire  . . .     SeeInvis .     (no weapon)
rCold  . . .     Clarity  .     o - +0 elf robe
rNeg   . . .     Conserve .     (no shield)
rPois  .         rCorr    .     (no helmet)
rElec  .         rRot     .     (no cloak)
SustAb . .       Spirit   .     (no gloves)
rMut   .         Warding  .     (no boots)
Saprov . . .     Stasis   .     (no amulet)
                                (no ring)
                                (no ring)

@: very slightly contaminated, slightly resistant to hostile enchantments,
stealthy
A: blink 1
a: Blink


You were on level 2 of the Dungeon.
You were not hungry.

You visited 1 branch of the dungeon, and saw 3 of its levels.

You collected 99 gold pieces.

Inventory:

Armour
 o - a +0 elven robe (worn)
Comestibles
 b - 5 bread rations
 f - an apple
Scrolls
 d - 2 scrolls of identify
 e - 3 scrolls of teleportation {unknown}
 i - a scroll of fear {unknown}
 j - 3 scrolls of fog {unknown}
 l - 4 scrolls of remove curse {unknown}
 m - 3 scrolls of magic mapping {unknown}
Jewellery
 r - an uncursed amulet of warding
Potions
 a - a potion of curing
 g - 2 potions of invisibility
 h - a potion of might
 k - a potion of heal wounds {unknown}
 q - a potion of cure mutation {unknown}
Books
 c - a book of Conjurations

   Spells                             Type                      Level
   *Magic Dart                        Conjuration                  1
   Searing Ray                        Conjuration                  2
   Dazzling Spray                     Conjuration/Hexes            3
   *Iskenderun's Mystic Blast         Conjuration                  4
   Iskenderun's Battlesphere          Conjuration/Charms           4
   Fulminant Prism                    Conjuration/Hexes            5


   Skills:
 - Level 2.4 Dodging
 + Level 3.4 Stealth
 - Level 3.0 Spellcasting
 + Level 6.2 Conjurations


You had 4 spell levels left.
You knew the following spells:

 Your Spells              Type           Power        Failure   Level  Hunger
a - Magic Dart            Conj           ####         1%          1    None
b - Iskenderun's Mystic   Conj           ####....     12%         4    ####...


Dungeon Overview and Level Annotations

Branches:
Dungeon (3/16)

Altars:
Cheibriados

Annotations:
D:2 Jessica
D:3 Crazy Yiuf


Innate Abilities, Weirdness & Mutations

You can translocate small distances at will.


Message History

Casting: Magic Dart
Confirm with . or Enter, or press ? or * to list all spells.
Aiming: Iskenderun's Mystic Blast
Press: ? - help, Shift-Dir - straight line, f - orc
Aim: an orc, wielding an orcish club and wearing an orcish ring mail You miscast Iskenderun's Mystic Blast.
You are very lightly contaminated with residual magic.
Nothing appears to happen.
The orc closely misses you.
Casting: Iskenderun's Mystic Blast
Confirm with . or Enter, or press ? or * to list all spells.
You don't have enough magic to cast that spell.
Casting: Iskenderun's Mystic Blast
Confirm with . or Enter, or press ? or * to list all spells.
Aiming: Magic Dart
Press: ? - help, Shift-Dir - straight line, f/p - orc
Aim: an orc, wielding an orcish club and wearing an orcish ring mail The magic dart hits the orc.
The orc is moderately wounded.
The orc hits you with an orcish club.
You die...

#########.########.###
#.# #.# #.# #.# #####
#.# #.# ....# #.# #.#
....# #.########.# ....#
#.#........#
....#########.##.#######
....'..........o@......#
....#########....#####.#
....# #.....# #.# ....#
##....# #.#
....##########....####.#
....%..................#
####.#########...#######
#.# #...# #.#
#...########


You could see an orc.

Vanquished Creatures
  2 adders (D:2)
  A giant mite (D:3)
  2 worms (D:3)
  An ooze (D:2)
  6 orcs (D:3)
  A ball python (D:3)
  12 bats
  2 giant cockroaches
  6 goblins
  4 hobgoblins
  12 jackals
  A kobold (D:1)
  A quokka (D:3)
  A giant newt (D:2)
  4 rats
56 creatures vanquished.

Notes
Turn   | Place    | Note
--------------------------------------------------------------
     0 | D:1      | Mitsuki, the Deep Elf Conjurer, began the quest for the Orb.
     0 | D:1      | Reached XP level 1. HP: 10/10 MP: 5/5
   296 | D:1      | Reached XP level 2. HP: 15/15 MP: 3/8
   453 | D:1      | Reached skill level 5 in Conjurations
   800 | D:1      | Reached XP level 3. HP: 19/19 MP: 7/10
   815 | D:1      | Gained mutation: You can translocate small distances at will. [potion of beneficial mutation]
  1098 | D:2      | Noticed Jessica
  1356 | D:2      | Found a snail-covered altar of Cheibriados.
  1845 | D:3      | Reached XP level 4. HP: 24/24 MP: 6/13
  1851 | D:3      | Learned a level 4 spell: Iskenderun's Mystic Blast
  1983 | D:3      | Reached skill level 6 in Conjurations
  2151 | D:3      | Noticed Crazy Yiuf
  2643 | D:2      | Slain by an orc

Action                   |  1- 3 |  4- 6 || total
-------------------------+-------+-------++-------
 Cast: Magic Dart        |    94 |    25 ||   119
       Iskenderun's Myst |       |    11 ||    11
 Abil: Blink             |     1 |       ||     1
  Use: Potion            |     4 |       ||     4
       Scroll            |       |     2 ||     2
